 Dungeon Crawl Stone Soup version 0.21.1-1-g345015f (webtiles) character file.

495 Lilu the Destroyer (level 6, 0/34 HPs)
             Began as a Deep Elf Conjurer on July 30, 2018.
             Slain by LittleStrapony's ghost (2 damage)
             ... on level 3 of the Dungeon.
             The game lasted 00:18:25 (4745 turns).

Lilu the Destroyer (Deep Elf Conjurer)              Turns: 4745, Time: 00:18:25

Health: 0/34       AC:  6    Str:  7    XL:     6   Next: 92%
Magic:  4/12       EV: 13    Int: 20    God:
Gold:   241        SH:  4    Dex: 19    Spells: 4/11 levels left

rFire    . . .     SeeInvis .   r - +0 falchion
rCold    . . .     Gourm    .   (no shield)
rNeg     . . .     Faith    .   a - +0 robe
rPois    .         Spirit   .   p - +2 hat
rElec    +         Reflect  +   (no cloak)
rCorr    .         Harm     .   (no gloves)
MR       .....                  s - +1 pair of boots of the Rose {rElec Dex+4}
Stlth    ++........             n - +4 amulet of reflection
HPRegen  0.11/turn              (no ring)
MPRegen  0.13/turn              (no ring)

@: no status effects
A: no striking features
a: no special abilities


You were on level 3 of the Dungeon.
You were not hungry.

You visited 1 branch of the dungeon, and saw 4 of its levels.

You collected 241 gold pieces.

Inventory:

Hand Weapons
 r - a +0 falchion (weapon)
Missiles
 i - 17 sling bullets
Armour
 a - a +0 robe (worn)
 k - a +2 chain mail of poison resistance
 p - a +2 hat (worn)
 s - the +1 pair of boots of the Rose (worn) {rElec Dex+4}
   (You found it on level 4 of the Dungeon)

   It affects your dexterity (+4).
   It insulates you from electricity.
Jewellery
 n - a +4 amulet of reflection (around neck)
 t - a +2 amulet of reflection
Scrolls
 d - 4 scrolls of enchant armour {unknown}
 e - 2 scrolls of magic mapping {unknown}
 f - 2 scrolls of remove curse {unknown}
 h - a scroll of blinking {unknown}
 j - 3 scrolls of identify {unknown}
 o - 2 scrolls of fog {unknown}
 u - a scroll of amnesia {unknown}
Potions
 g - a potion of mutation {unknown}
 l - 2 potions of lignification {unknown}
 m - a potion of brilliance {unknown}
 q - a potion of invisibility {unknown}
 w - 2 potions of heal wounds {unknown}
Books
 b - a book of Conjurations

   Spells                             Type                      Level
   a - Magic Dart                     Conjuration                  1
   b - Searing Ray                    Conjuration                  2
   c - Dazzling Spray                 Conjuration/Hexes            3
   d - Fulminant Prism                Conjuration/Hexes            4
   e - Force Lance                    Conjuration/Translocation    4
   f - Iskenderun's Mystic Blast      Conjuration                  4
Comestibles
 c - 6 rations


   Skills:
 + Level 1.0 Fighting
 - Level 2.4 Dodging
 - Level 2.4 Stealth
 - Level 3.0 Spellcasting
 - Level 9.0 Conjurations


You had 4 spell levels left.
You knew the following spells:

 Your Spells              Type           Power        Failure   Level  Hunger
a - Magic Dart            Conj           ####         1%          1    None
b - Searing Ray           Conj           #####.       1%          2    ##.....
c - Iskenderun's Mystic   Conj           #####...     3%          4    ####...


Dungeon Overview and Level Annotations

Branches:
Dungeon (4/15)
 Temple: D:4-7

Altars:
Nemelex Xobeh
Ru
Xom

Annotations:
D:3 LittleStrapony's ghost, amateur DrBe


Message History

Casting: Searing Ray
Confirm with . or Enter, or press ? or * to list all spells.
Aiming: Searing Ray
Press: ? - help, Shift-Dir - straight line, f/p - LittleStrapony's ghost
Aim: LittleStrapony's ghost (severely damaged)
The searing ray hits LittleStrapony's ghost.
LittleStrapony's ghost is severely damaged. (Press . to maintain the ray.) LittleStrapony's ghost hits you!
* * * LOW HITPOINT WARNING * * *
The orc hits you but does no damage.
The searing ray hits LittleStrapony's ghost.
LittleStrapony's ghost is severely damaged.
LittleStrapony's ghost hits you!
* * * LOW HITPOINT WARNING * * *
The orc closely misses you.
The searing ray hits LittleStrapony's ghost.
LittleStrapony's ghost is almost destroyed.
LittleStrapony's ghost hits you.
You die...

#...........####.#####.##.
#............###...##.....
#......)...#..##.......#.#
#..........##.....#..#....
#..>...........##.##.##...
##........####..#.........
#..........# ##.####.#####
#........Wo# #.## #..#
#........@.# #..####.#
#..........# ##....#.##
#..........# ####.#..###
##........## #.......
##......## ##).....
######## #...... ##.....
#..... #.....


You could see LittleStrapony's ghost and an orc.

Vanquished Creatures
  A scorpion (D:4)
  2 hounds (D:4)
  An orc priest (D:4)
  4 orc wizards
  Jessica (D:2)
  Terence (D:2)
  7 gnolls (D:3)
  5 adders
  A howler monkey skeleton (D:4)
  An ooze (D:2)
  An adder skeleton (D:4)
  A worm (D:3)
  2 leopard geckos
  9 orcs
  2 giant cockroaches
  5 hobgoblins
  A quokka (D:4)
  8 bats
  4 frilled lizards
  7 goblins
  7 kobolds
  4 rats
75 creatures vanquished.

Vanquished Creatures (others)
  7 toadstools (D:1)
7 creatures vanquished.

Grand Total: 82 creatures vanquished

Notes
Turn   | Place    | Note
-------+----------+-------------------------------------------
     0 | D:1      | Lilu the Deep Elf Conjurer began the quest for the Orb.
     0 | D:1      | Reached XP level 1. HP: 10/10 MP: 6/6
   412 | D:1      | Reached XP level 2. HP: 15/15 MP: 6/8
   420 | D:1      | Learned a level 2 spell: Searing Ray
   452 | D:1      | Reached skill level 5 in Conjurations
  1086 | D:2      | Noticed Jessica
  1090 | D:2      | Killed Jessica
  1090 | D:2      | Reached XP level 3. HP: 19/19 MP: 4/9
  1213 | D:2      | Noticed Terence
  1264 | D:2      | Killed Terence
  1264 | D:2      | Reached skill level 6 in Conjurations
  1264 | D:2      | Reached XP level 4. HP: 9/24 MP: 2/10
  2204 | D:3      | Found a shimmering altar of Xom.
  2230 | D:3      | Learned a level 4 spell: Iskenderun's Mystic Blast
  2287 | D:3      | Noticed LittleStrapony's ghost (amateur DrBe)
  2306 | D:3      | Found a sparkling altar of Nemelex Xobeh.
  2467 | D:3      | Reached skill level 7 in Conjurations
  2467 | D:3      | Reached XP level 5. HP: 28/28 MP: 7/11
  3471 | D:3      | Found a sacrificial altar of Ru.
  3570 | D:4      | Noticed a two-headed ogre
  3603 | D:4      | Reached skill level 8 in Conjurations
  3603 | D:4      | Reached XP level 6. HP: 20/32 MP: 7/12
  3615 | D:4      | Got a pair of ancient boots
  3631 | D:4      | Identified the +1 pair of boots of the Rose {rElec Dex+4} (You found it on level 4 of the Dungeon)
  4180 | D:4      | Reached skill level 1 in Fighting
  4180 | D:4      | Reached skill level 9 in Conjurations
  4745 | D:3      | Slain by LittleStrapony's ghost

Skill      XL: |  1  2  3  4  5  6 |
---------------+-------------------+-----
Conjurations   | 5 6 7 8 9 |  9.0
Fighting       | 1 |  1.0
Dodging        | |  2.4
Stealth        | |  2.4
Spellcasting   | |  3.0

Action                   |  1- 3 |  4- 6 || total
-------------------------+-------+-------++-------
Melee: Falchion          |       |    32 ||    32
 Cast: Magic Dart        |    36 |    69 ||   105
       Searing Ray       |     2 |    14 ||    16
       Iskenderun's Myst |       |     7 ||     7
  Eat: Chunk             |     1 |    11 ||    12
       Ration            |       |     1 ||     1
Armor: Robe              |       |    18 ||    18
Dodge: Dodged            |     6 |    59 ||    65
Block: Other             |       |     8 ||     8
       Rpst.: Falchion   |       |    10 ||    10
